 Dungeon Crawl Stone Soup version 0.28-a0-1629-gf728b707aa (webtiles) character file.

Game seed: 3045584352812568045

381 Majang the Sneak (level 7, -1/44 HPs)
             Began as a Kobold Delver on Jan 24, 2022.
             Splashed by a jelly's acid (7 damage)
             ... on level 3 of the Dungeon.
             The game lasted 00:17:08 (3732 turns).

Majang the Sneak (Kobold Delver)                    Turns: 3732, Time: 00:17:10

Health: -1/44      AC: -4    Str:  9    XL:     7   Next: 5%
Magic:  7/7        EV: 16    Int: 11    God:
Gold:   71         SH:  0    Dex: 19    Spells: 6/6 levels left

rFire   . . .      SeeInvis .   a - +3 dagger
rCold   . . .      Faith    .   (no shield)
rNeg    . . .      Spirit   .   b - +0 leather armour
rPois   .          Reflect  .   m - +0 helmet
rElec   .          Harm     .   (no cloak)
rCorr   .          Rampage  .   (no gloves)
Will    .....                   (no boots)
Stlth   +++++.....              (no amulet)
HPRegen 0.14/turn               (no ring)
MPRegen 0.10/turn               (no ring)

@: corroded
A: small, no large weapons, nightstalker 3
a: no special abilities


You were on level 3 of the Dungeon.
You visited 1 branch of the dungeon, and saw 5 of its levels.

You collected 71 gold pieces.

Inventory:

Hand Weapons
 a - a +3 dagger (weapon)
 k - a +0 flail of holy wrath
Missiles
 j - 5 poisoned darts (quivered)
Armour
 b - a +0 leather armour (worn)
 m - a +0 helmet (worn)
Wands
 g - a wand of digging (3)
 r - a wand of polymorph (1)
Scrolls
 c - a scroll of fog
 d - a scroll of silence {unknown}
 f - a scroll of teleportation {unknown}
 h - 3 scrolls of identify {unknown}
 i - a scroll of immolation {unknown}
 l - 2 scrolls of noise {unknown}
 n - a scroll of enchant armour {unknown}
 p - a scroll of fear
Potions
 e - a potion of heal wounds
 o - a potion of berserk rage {unknown}
 q - 3 potions of curing {unknown}


   Skills:
 + Level 4.4 Fighting
 * Level 5.5 Short Blades
 + Level 4.1 Dodging
 + Level 7.9 Stealth
 + Level 2.5 Evocations


You had 6 spell levels left.
You didn't know any spells.
Your spell library contained the following spells:

 Spells                   Type           Power      Damage    Failure   Level
 Summon Small Mammal      Summ           0%         N/A       45%         1
 Call Canine Familiar     Summ           0%         N/A       83%         3
 Summon Guardian Golem    Hex/Summ       0%         N/A       83%         3


Dungeon Overview and Level Annotations

Branches:
Dungeon (5/15)             Temple (0/1) D:5

Altars:
Kikubaaqudgha

Shops:
D:4 *


Innate Abilities, Weirdness & Mutations

You are small and have problems with some larger weapons.
You are completely attuned to the shadows.


Message History

The endoplasm closely misses you.
You hit the endoplasm.
You kill the endoplasm!
You start resting.
HP restored.
A jelly and an endoplasm come into view.
The endoplasm quivers.
There is an open door here.
An endoplasm and a jelly come into view.
The endoplasm freezes you.
You are frozen. 2 endoplasms come into view.
Found a hobgoblin skeleton.
The endoplasm barely misses you.
The jelly quivers.
There is an open door here.
Things that are here:
a +0 whip; 3 stones You hit the jelly.
Your hands burn!
The jelly is moderately wounded.
You hit the jelly.
Your hands burn!
The jelly is severely wounded.
The jelly barely misses you.
You hit the jelly. The acid corrodes you!
Your hands burn!
The jelly is almost dead.
The jelly misses you.
You hit the jelly but do no damage.
Your hands burn!
The jelly is almost dead.
The jelly hits you.
You are splashed with acid!
* * * LOW HITPOINT WARNING * * *
You hit the jelly but do no damage.
Your hands burn!
* * * LOW HITPOINT WARNING * * *
The jelly is almost dead.
You hit the jelly but do no damage.
Your hands burn!
* * * LOW HITPOINT WARNING * * *
The jelly is almost dead.
The jelly jiggles.
The jelly hits you.
* * * LOW HITPOINT WARNING * * *
The acid corrodes you!
You are splashed with acid!
You die...

#######
##########÷J..JJ ##
##......##'.P....
#.##.......#)#.J....
##.'........#.#P..P..
#..'........#.#......
#..)......#'#J#.....÷
#..##.....#.#.#...J.J
#..###....#@#.#..P.PP
##.#########J## ####
#..# ### ....
#.)######## ####
#...))....# #
#....####.. # ###..#
# #..# # ###..# # #.#


You could see a jelly.

Vanquished Creatures
  Sigmund (D:3)
  Jessica (D:3)
  An iguana (D:5)
  Ijyb (D:3)
  Robin (D:3)
  2 gnolls (D:1)
  4 adders
  2 dart slugs
  An orc (D:3)
  3 bats
  5 endoplasms
  4 giant cockroaches
  6 hobgoblins
  6 jackals
  10 kobolds
  6 quokkas
  5 ball pythons
  3 frilled lizards
  15 goblins
  6 rats
83 creatures vanquished.

Vanquished Creatures (others)
  11 toadstools (D:3)
11 creatures vanquished.

Grand Total: 94 creatures vanquished

Notes
Turn   | Place    | Note
-------+----------+-------------------------------------------
     0 | D:5      | Majang the Kobold Delver began the quest for the Orb.
     0 | D:5      | Reached XP level 1. HP: 14/14 MP: 1/1
     8 | D:5      | Noticed an iguana
    12 | D:5      | Killed an iguana
    13 | D:5      | Reached XP level 2. HP: 19/19 MP: 2/2
    13 | D:5      | Reached XP level 3. HP: 23/23 MP: 3/3
    13 | D:5      | Noticed a vampire
   415 | D:4      | Reached skill level 7 in Stealth
   723 | D:4      | Noticed a water moccasin
   724 | D:4      | Found Qourein's Serpentskin Sales.
   724 | D:4      | Noticed a water moccasin
   993 | D:1      | Reached XP level 4. HP: 24/29 MP: 4/4
  1836 | D:2      | Found an ancient bone altar of Kikubaaqudgha.
  1888 | D:2      | Reached skill level 1 in Evocations
  1927 | D:2      | Reached XP level 5. HP: 33/33 MP: 5/5
  2867 | D:3      | Noticed Sigmund
  2897 | D:3      | Killed Sigmund
  2898 | D:3      | Reached skill level 5 in Short Blades
  2898 | D:3      | Reached XP level 6. HP: 29/38 MP: 6/6
  2990 | D:3      | Noticed Jessica
  2994 | D:3      | Killed Jessica
  3103 | D:3      | Noticed Robin
  3154 | D:3      | Killed Robin
  3442 | D:3      | Noticed Ijyb
  3446 | D:3      | Killed Ijyb
  3554 | D:3      | Reached XP level 7. HP: 44/44 MP: 7/7
  3732 | D:3      | Splashed by a jelly's acid

Illustrated notes

Levels and vault maps discovered:
D:1:      saegor_arrival_miasma, layout_loops_ring,
          amcnicky_mini_corridor_feature
D:2:      layout_loops_corners, basic_altar, grunt_decor_resistance
D:3:      cheibrodos_fertilizer, layout_loops_ring, chequers_jeans,
          minmay_misc_feat_square, palyth_stone_intersect,
          corexii_hall_statues_x, st_stairs_7, uniq_robin, uniq_sigmund,
          uniq_jessica, uniq_ijyb
D:4:      minmay_wonky_spiral, layout_layer_cave, kennysheep_mini_moat,
          guppyfry_shop_venom
D:5:      layout_cave_pools, minmay_temple_entry_arrows, serial_shops,
          nicolae_shop_hallway_plus, nicolae_shop_hallway_plus, shop,
          nicolae_ossuary_entry_ruins, st_stairs_2, uniq_blork_the_orc,
          uniq_grinder, uniq_duvessa, uniq_crazy_yiuf_cottage

Skill      XL: |  1  2  3  4  5  6 |
---------------+-------------------+-----
Short Blades   | 3 4 5 |  5.5
Dodging        | 3 4 |  4.1
Stealth        | 7 |  7.9
Evocations     | 1 2 |  2.5
Fighting       | 4 |  4.4

Action                   |  1- 3 |  4- 6 |  7- 9 || total
-------------------------+-------+-------+-------++-------
Melee: Short sword       |    50 |   168 |       ||   218
       Punch             |       |     3 |       ||     3
       Dagger            |       |     6 |    49 ||    55
Throw: Dart              |       |     7 |       ||     7
  Use: Scroll            |     2 |       |       ||     2
       Potion            |       |     3 |       ||     3
 Stab: Sleeping          |     8 |    29 |       ||    37
       Distracted        |       |     1 |       ||     1
Armor: Leather armour    |     6 |    31 |     2 ||    39
Dodge: Dodged            |    22 |   125 |    32 ||   179

Table legend: (Time is in decaauts)
 A = Elapsed time spent in this place.
 B = Non-inter-level travel time spent in this place.
 C = Inter-level travel time spent in this place.
 D = Time resting spent in this place.
 E = Time spent auto-exploring this place.
 F = Levels seen in this place.
 G = Mean time per level.
                   A        B        C        D        E       F      G
               +--------+--------+--------+--------+--------+-----+--------+
         Total |   3677 |   3450 |    227 |    806 |   1308 |   5 |  735.4 |
       Dungeon |   3677 |   3450 |    227 |    806 |   1308 |   5 |  735.4 |
               +--------+--------+--------+--------+--------+-----+--------+

Top non-repeatable levels by time:
     D:2: 1017 daAuts
     D:1: 965 daAuts
     D:3: 896 daAuts
     D:4: 775 daAuts
     D:5: 23 daAuts
